Knights vs Mustangs (R1)

Created - 13 janvier 2016 at 20:18

Goals
1 2 3 T
Knights 2 3 1 6
Mustangs 1 3 4 8
Shots
1 2 3 T
Knights 6 25 11 42
Mustangs 10 16 11 37

1st period

1. Knights , Tyler Seguin 15 (Chris Thorburn) at 1:52
2. Mustangs , Brayden Schenn 25 (Evander Kane, Derek Joslin) at 2:40
3. Knights , Alex Chiasson 12 (Zack Hamill, Garnet Exelby) at 7:53

Penalties :
Carter Ashton (Lon) for Roughing (Minor) at 4:09, Magnus Paajarvi-Svensson (Lon) for Cross-checking (Minor) at 11:04, Ryan O'Reilly (Ham) for Slashing (Minor) at 15:37, Chris Thorburn (Lon) for Hooking (Minor) at 18:34

2nd period

4. Knights , Zack Hamill 27 (Garnet Exelby) at 6:42
5. Mustangs , Ben Eager 23 (Eric Godard, Ryan O'Reilly) at 7:31
6. Knights , Magnus Paajarvi-Svensson 5 (Niklas Hjalmarsson, Chris Thorburn) at 8:17
7. Knights , Jason Zucker 10 (Niklas Hjalmarsson, Eric Gelinas) at 8:47
8. Mustangs , Riley Armstrong 10 (Denis Shvidki, Tom Gilbert) at 12:02
9. Mustangs , Reilly Smith 10 (Evander Kane, Brayden Schenn) at 16:46

Penalties :
Marcus Foligno (Ham) for Holding (Minor) at 3:59, Zack Hamill (Lon) for High sticking (Minor) at 4:07, Alex Chiasson (Lon) for Hooking (Minor) at 9:23, Ben Eager (Ham) for Holding (Minor) at 12:48, Brayden Schenn (Ham) for Hooking (Minor) at 17:34

3rd period

10. Mustangs , Rick Schofield 7 (Daniel Winnik, Eric Gryba) at 5:50
11. Mustangs , Riley Armstrong 11 (Tom Gilbert) at 6:26
12. Mustangs , Brayden Schenn 26 (Reilly Smith, Evander Kane) at 7:07 (PP)
13. Knights , Zack Hamill 28 (Alex Chiasson, Eric Gelinas) at 15:19
14. Mustangs , Ryan O'Reilly 18 (Eric Godard, Ben Eager) at 19:09 (Empty Net)

Penalties :
Jason Chimera (Lon) for Holding (Minor) at 0:54, Zack Hamill (Lon) for Hooking (Minor) at 6:56, Jason Zucker (Lon) for Hooking (Minor) at 8:13, Ben Eager (Ham) for Roughing (Minor) at 8:53

Goalie Stats

Mark Dekanich (Lon), 3 saves from 3 shots - (1,000), 12:30 minutes
Jacob Markstrom (Lon), 26 saves from 33 shots - (0,788), L, 19-13-0, 47:07 minutes
Maxime Ouellet (Ham), 22 saves from 24 shots - (0,917), W, 16-6-4, 31:43 minutes
Chet Pickard (Ham), 14 saves from 18 shots - (0,778), 28:17 minutes

Players Stats for Knights

Player Name              G  A  P  +/- PIM S  H  SB GA TA FO     MP     PP MP  PK MP  
------------------------------------------------------------------------------------
Alex Chiasson            1  1  2   1  2   4  1  1  1  0  1/2    18:11   3:28   0:08 
Carter Ashton            0  0  0  -1  2   1  0  0  0  0  0/0     6:54   0:02   0:00 
Chris Thorburn           0  2  2   1  2   5  2  2  1  0  2/2    19:33   3:11   4:47 
Eric Gelinas             0  2  2   0  0   2  0  1  0  0  0/0    24:38   0:02   7:01 
Garnet Exelby            0  2  2   0  0   1  4  2  0  2  0/0    18:20   3:20   4:11 
James Wright             0  0  0  -2  0   4  4  1  0  1  7/19   15:13   0:06   5:56 
Jason Chimera            0  0  0  -2  2   3  2  0  2  0  0/0    14:20   3:11   2:47 
Jason Zucker             1  0  1   0  2   2  1  0  2  0  1/1    16:12   3:32   0:01 
Joe Colborne             0  0  0  -1  0   1  2  0  0  0  3/6     9:52   0:00   3:04 
Kevin Hayes              0  0  0  -2  0   0  2  0  0  1  0/0     7:43   0:00   0:00 
Magnus Paajarvi-Svensson 1  0  1   2  2   5  1  0  2  0  2/3    14:35   0:06   1:55 
Nikita Nikitin           0  0  0  -1  0   2  0  0  0  0  0/0    14:11   3:19   0:00 
Niklas Hjalmarsson       0  2  2   0  0   3  2  1  1  2  0/0    30:48   3:24   6:43 
Ronalds Kenins           0  0  0  -1  0   0  0  0  0  0  0/0     6:04   0:00   0:00 
Tomas Kundratek          0  0  0   0  0   1  3  1  0  1  0/0    21:42   3:19   3:53 
Tyler Seguin             1  0  1   2  0   1  1  0  0  0  9/18   17:09   3:11   0:27 
Zack Hamill              2  1  3   0  4   7  3  0  0  3  14/25  20:02   3:27   2:43 
Zbynek Michalek          0  0  0  -1  0   0  2  0  1  0  0/0    10:21   0:06   0:00 

Players Stats for Mustangs

Player Name              G  A  P  +/- PIM S  H  SB GA TA FO     MP     PP MP  PK MP  
------------------------------------------------------------------------------------
Ben Eager                1  1  2   1  4   2  2  1  0  0  1/1    16:15   4:34   1:26 
Brayden Schenn           2  1  3  -1  2   4  3  0  1  0  19/43  24:06   6:10   2:18 
Cameron Gaunce           0  0  0   0  0   0  1  3  0  0  0/0    12:35   0:00   0:00 
Daniel Winnik            0  1  1   1  0   1  1  0  0  0  2/2     8:21   0:03   2:09 
Denis Shvidki            0  1  1   0  0   1  1  0  0  0  0/0     9:56   0:07   0:00 
Derek Joslin             0  1  1   1  0   1  2  0  0  0  0/0    22:00   4:13   3:20 
Eric Godard              0  2  2   1  0   3  0  0  1  0  0/0    14:12   4:35   0:00 
Eric Gryba               0  1  1  -1  0   4  2  3  1  1  0/0    30:12   6:41   3:25 
Evander Kane             0  3  3  -1  0   7  1  0  4  1  0/1    25:14   6:16   3:20 
Jared Cowen              0  0  0  -1  0   1  1  1  0  1  0/0    31:12   6:41   3:25 
Jerome Samson            0  0  0   1  0   0  0  0  0  0  0/0     5:37   0:00   0:00 
Marcus Foligno           0  0  0  -1  2   0  3  0  0  0  0/2    11:06   0:08   0:38 
Nate Guenin              0  0  0   2  0   0  1  0  0  0  0/0     8:12   0:00   0:00 
Reilly Smith             1  1  2   0  0   4  2  1  1  2  0/0    21:16   6:04   1:13 
Rick Schofield           1  0  1   1  0   1  0  0  0  1  2/5     5:37   0:00   0:00 
Riley Armstrong          2  0  2   0  0   3  1  0  0  3  2/5    10:29   0:09   0:24 
Ryan O'Reilly            1  1  2   1  2   3  1  1  1  0  11/17  17:50   4:35   2:02 
Tom Gilbert              0  2  2   1  0   2  0  2  1  1  0/0    15:49   4:13   3:20 

3 Stars

1 - Brayden Schenn (Ham)
2 - Riley Armstrong (Ham)
3 - Zack Hamill (Lon)

Power Play

Knights - 0 on 6 Attempt(s) - 0,00%
Mustangs - 1 on 8 Attempt(s) - 12,50%

Penalty Kill

Knights - 7 on 8 Attempt(s) - 87,50% - Score 0 goal in Penalty Kill
Mustangs - 6 on 6 Attempt(s) - 100,00% - Score 0 goal in Penalty Kill

Team Stat

Knights - Hits : 30 - Faceoff Wins : 39 - Blocked Shots : 9 - Penalty Minutes : 16
Mustangs - Hits : 22 - Faceoff Wins : 37 - Blocked Shots : 12 - Penalty Minutes : 10

Official

Referees : Leggo Mike and Charron Francis
Linesman : Brian Murphy and Thor Nelson

Game Notes

1:14 of 1st period - Penalty Shot by Nate Guenin for Mustangs - Stopped by Jacob Markstrom
Maxime Ouellet enters game at 8:17 of 2nd period
0:59 of 3rd period - Mustangs goal is going for a video replay. After video review, No Goal. The puck has been kicked using a distinct kicking motion.
Mark Dekanich enters game at 7:07 of 3rd period
Ryan O'Reilly has scored in a empty net!

Finance

Level 1 -- Attendance: 1475 (73,75%) -- Ticket Income 59 000 $
Level 2 -- Attendance: 686 (68,60%) -- Ticket Income 13 720 $
Total Attendance: 2161 (72,03%)
Total Ticket Income: 72 720 $
Other Income: 3 636 $
Total Income: 76 356 $

Knights

5 vs 5 Forward 
   Center                   Left Wing                Right Wing               Time % Phy DF OF 
 1 Zack Hamill              Jason Zucker             Alex Chiasson            36     1   2  2  
 2 Tyler Seguin             Magnus Paajarvi-Svensson Chris Thorburn           34     1   1  3  
 3 James Wright             Jason Chimera            Kevin Hayes              20     1   2  2  
 4 Joe Colborne             Ronalds Kenins           Carter Ashton            10     1   2  2  

5 vs 5 Defense 
   Defense                  Defense                                           Time % Phy DF OF 
 1 Niklas Hjalmarsson       Eric Gelinas                                      40     1   2  2  
 2 Tomas Kundratek          Nikita Nikitin                                    30     1   2  2  
 3 Zbynek Michalek          Garnet Exelby                                     20     1   2  2  
 4 Niklas Hjalmarsson       Tomas Kundratek                                   10     1   2  2  

PowerPlay Forward 
   Center                   Left Wing                Right Wing               Time % Phy DF OF 
 1 Zack Hamill              Jason Zucker             Alex Chiasson            60     0   0  5  
 2 Tyler Seguin             Jason Chimera            Chris Thorburn           40     0   0  5  

PowerPlay Defense
   Defense                  Defense                                           Time % Phy DF OF 
 1 Garnet Exelby            Niklas Hjalmarsson                                60     1   1  3  
 2 Nikita Nikitin           Tomas Kundratek                                   40     1   1  3  

Penalty Kill 4 Players Forward 
   Center                   Wing                     Time % Phy DF OF 
 1 James Wright             Chris Thorburn           60     0   4  1  
 2 Joe Colborne             Jason Chimera            40     0   4  1  

Penalty Kill 4 Players Defense
   Defense                  Defense                  Time % Phy DF OF 
 1 Niklas Hjalmarsson       Eric Gelinas             60     1   4  0  
 2 Tomas Kundratek          Garnet Exelby            40     1   4  0  

Penalty Kill - 3 Players Forward 
   Forward                                           Time % Phy DF OF 
 1 James Wright                                      60     0   4  1  
 2 Joe Colborne                                      40     0   4  1  

Penalty Kill - 3 Players Defense
   Defense                  Defense                  Time % Phy DF OF 
 1 Niklas Hjalmarsson       Eric Gelinas             60     1   4  0  
 2 Garnet Exelby            Tomas Kundratek          40     1   4  0  

4 vs 4 Forward 
   Center                   Wing                     Time % Phy DF OF 
 1 Zack Hamill              Alex Chiasson            60     0   1  4  
 2 Tyler Seguin             Chris Thorburn           40     0   1  4  

4 vs 4 Defense
   Defense                  Defense                  Time % Phy DF OF 
 1 Zbynek Michalek          Niklas Hjalmarsson       60     1   2  2  
 2 Tomas Kundratek          Garnet Exelby            40     1   2  2  

Last Minutes Offensive
   Center                   Left Wing                Right Wing               Defense                  Defense                  
   Zack Hamill              Tyler Seguin             Chris Thorburn           Niklas Hjalmarsson       Eric Gelinas             

Last Minutes Defensive
   Center                   Left Wing                Right Wing               Defense                  Defense                  
   James Wright             Ronalds Kenins           Chris Thorburn           Niklas Hjalmarsson       Tomas Kundratek          

Goaltenders
Starting : Jacob Markstrom          
Backup : Mark Dekanich            

Extra Forwards
Normal : Tyler Seguin, Zack Hamill, James Wright - PP : James Wright, Zack Hamill - PK : Zack Hamill
Extra Defensemen
Normal : Niklas Hjalmarsson, Tomas Kundratek, Zbynek Michalek - PP : Tomas Kundratek - PK : Tomas Kundratek, Niklas Hjalmarsson
Penalty Shots
Joe Colborne, Tyler Seguin, Jason Chimera, James Wright, Zack Hamill

Mustangs

5 vs 5 Forward 
   Center                   Left Wing                Right Wing               Time % Phy DF OF 
 1 Brayden Schenn           Evander Kane             Reilly Smith             40     0   1  4  
 2 Ryan O'Reilly            Ben Eager                Eric Godard              30     0   1  4  
 3 Riley Armstrong          Marcus Foligno           Denis Shvidki            20     0   1  4  
 4 Rick Schofield           Daniel Winnik            Jerome Samson            10     0   1  4  

5 vs 5 Defense 
   Defense                  Defense                                           Time % Phy DF OF 
 1 Jared Cowen              Eric Gryba                                        40     0   2  3  
 2 Derek Joslin             Cameron Gaunce                                    30     0   2  3  
 3 Nate Guenin              Tom Gilbert                                       20     0   2  3  
 4 Jared Cowen              Eric Gryba                                        10     0   2  3  

PowerPlay Forward 
   Center                   Left Wing                Right Wing               Time % Phy DF OF 
 1 Brayden Schenn           Evander Kane             Reilly Smith             60     0   0  5  
 2 Ryan O'Reilly            Ben Eager                Eric Godard              40     0   0  5  

PowerPlay Defense
   Defense                  Defense                                           Time % Phy DF OF 
 1 Jared Cowen              Eric Gryba                                        60     0   1  4  
 2 Derek Joslin             Tom Gilbert                                       40     0   1  4  

Penalty Kill 4 Players Forward 
   Center                   Wing                     Time % Phy DF OF 
 1 Brayden Schenn           Evander Kane             60     1   4  0  
 2 Ryan O'Reilly            Reilly Smith             40     1   4  0  

Penalty Kill 4 Players Defense
   Defense                  Defense                  Time % Phy DF OF 
 1 Jared Cowen              Eric Gryba               60     1   4  0  
 2 Derek Joslin             Tom Gilbert              40     1   4  0  

Penalty Kill - 3 Players Forward 
   Forward                                           Time % Phy DF OF 
 1 Brayden Schenn                                    60     1   4  0  
 2 Denis Shvidki                                     40     1   4  0  

Penalty Kill - 3 Players Defense
   Defense                  Defense                  Time % Phy DF OF 
 1 Jared Cowen              Eric Gryba               60     1   4  0  
 2 Derek Joslin             Tom Gilbert              40     1   4  0  

4 vs 4 Forward 
   Center                   Wing                     Time % Phy DF OF 
 1 Brayden Schenn           Evander Kane             60     0   1  4  
 2 Ryan O'Reilly            Reilly Smith             40     0   1  4  

4 vs 4 Defense
   Defense                  Defense                  Time % Phy DF OF 
 1 Jared Cowen              Eric Gryba               60     0   2  3  
 2 Derek Joslin             Tom Gilbert              40     0   2  3  

Last Minutes Offensive
   Center                   Left Wing                Right Wing               Defense                  Defense                  
   Brayden Schenn           Evander Kane             Reilly Smith             Jared Cowen              Derek Joslin             

Last Minutes Defensive
   Center                   Left Wing                Right Wing               Defense                  Defense                  
   Ryan O'Reilly            Ben Eager                Eric Godard              Jared Cowen              Derek Joslin             

Goaltenders
Starting : Chet Pickard             
Backup : Maxime Ouellet           

Extra Forwards
Normal : Evander Kane, Brayden Schenn, Ryan O'Reilly - PP : Ryan O'Reilly, Evander Kane - PK : Daniel Winnik
Extra Defensemen
Normal : Jared Cowen, Eric Gryba, Derek Joslin - PP : Jared Cowen - PK : Eric Gryba, Derek Joslin
Penalty Shots
Brayden Schenn, Evander Kane, Ben Eager, Reilly Smith, Ryan O'Reilly

% Time on Ice - Knights

Lines # - Real PCT - Wanted PCT - Time Play
Normal Forward
1 - 35% - 36% - 13:46
2 - 29% - 34% - 11:21
3 - 20% - 20% - 7:43
4 - 16% - 10% - 6:04
Normal Defense
1 - 46% - 40% - 17:44
2 - 32% - 30% - 12:35
3 - 19% - 20% - 7:23
4 - 3% - 10% - 1:12
PP Forward
1 - 53% - 60% - 3:34
2 - 47% - 40% - 3:11
PP Defense
1 - 51% - 60% - 3:26
2 - 49% - 40% - 3:19
PK Forward
1 - 72% - 60% - 7:50
2 - 28% - 40% - 3:04
PK Defense
1 - 64% - 60% - 7:01
2 - 36% - 40% - 3:53
PK3 Forward
1 - 0% - 60%
2 - 0% - 40%
PK3 Defense
1 - 0% - 60%
2 - 0% - 40%
44 Forward
1 - 90% - 60% - 2:51
2 - 10% - 40% - 0:19
44 Defense
1 - 61% - 60% - 1:55
2 - 39% - 40% - 1:15
Last Minute Offensive  - 0:17
Last Minute Defensive  - 0:00
Total
Forward - 60:00
Defense - 60:00

% Time on Ice - Mustangs

Lines # - Real PCT - Wanted PCT - Time Play
Normal Forward
1 - 36% - 40% - 13:53
2 - 25% - 30% - 9:38
3 - 25% - 20% - 9:45
4 - 14% - 10% - 5:37
Normal Defense
1 - 45% - 40% - 17:29
2 - 34% - 30% - 13:11
3 - 20% - 20% - 7:35
4 - 2% - 10% - 0:38
PP Forward
1 - 58% - 60% - 6:19
2 - 42% - 40% - 4:35
PP Defense
1 - 61% - 60% - 6:41
2 - 39% - 40% - 4:13
PK Forward
1 - 82% - 60% - 5:32
2 - 18% - 40% - 1:13
PK Defense
1 - 51% - 60% - 3:25
2 - 49% - 40% - 3:20
PK3 Forward
1 - 0% - 60%
2 - 0% - 40%
PK3 Defense
1 - 0% - 60%
2 - 0% - 40%
44 Forward
1 - 78% - 60% - 2:29
2 - 22% - 40% - 0:41
44 Defense
1 - 63% - 60% - 1:59
2 - 37% - 40% - 1:11
Last Minute Offensive  - 0:00
Last Minute Defensive  - 0:18
Total
Forward - 60:00
Defense - 60:00

Play by Play

1st period


0:01 of 1st period - Zack Hamill wins face-off versus Brayden Schenn in neutral zone.
0:04 of 1st period - Slapshot by Zack Hamill.
0:04 of 1st period - Shot Misses the Net.
0:10 of 1st period - Snap shot by Zack Hamill.
0:10 of 1st period - Shot Blocked by Eric Gryba.
0:52 of 1st period - Snap shot by Eric Godard.
0:52 of 1st period - Stopped by Jacob Markstrom without a rebound.
0:53 of 1st period - Joe Colborne wins face-off versus Ryan O'Reilly in Knights zone.
1:14 of 1st period - Penalty Shot by Nate Guenin for Mustangs.
1:14 of 1st period - Deke by Nate Guenin.
1:14 of 1st period - Stopped by Jacob Markstrom.
1:15 of 1st period - Chris Thorburn wins face-off versus Marcus Foligno in Mustangs zone.
1:16 of 1st period - Slapshot by Magnus Paajarvi-Svensson.
1:16 of 1st period - Stopped by Chet Pickard without a rebound.
1:17 of 1st period - Tyler Seguin wins face-off versus Riley Armstrong in Mustangs zone.
1:52 of 1st period - Slapshot by Chris Thorburn.
1:52 of 1st period - Deflect By Tyler Seguin.
1:52 of 1st period - Goal by Tyler Seguin - Knights : 1 - Mustangs : 0.
1:53 of 1st period - Zack Hamill wins face-off versus Rick Schofield in neutral zone.
2:00 of 1st period - Slapshot by Jason Zucker.
2:00 of 1st period - Stopped by Chet Pickard with a rebound.
2:03 of 1st period - Icing by Eric Gryba.
2:04 of 1st period - Zack Hamill wins face-off versus Rick Schofield in Mustangs zone.
2:12 of 1st period - Icing by Jared Cowen.
2:13 of 1st period - Rick Schofield wins face-off versus Zack Hamill in Mustangs zone.
2:13 of 1st period - Rick Schofield is hit by Zack Hamill.
2:24 of 1st period - Icing by Zack Hamill.
2:25 of 1st period - Zack Hamill wins face-off versus Brayden Schenn in Knights zone.
2:40 of 1st period - Wrist shot by Brayden Schenn.
2:40 of 1st period - Goal by Brayden Schenn - Knights : 1 - Mustangs : 1.
2:41 of 1st period - Ryan O'Reilly wins face-off versus James Wright in neutral zone.
2:52 of 1st period - James Wright is hit by Ben Eager and loses puck.
2:57 of 1st period - Backhand shot by Eric Godard.
2:57 of 1st period - Shot Misses the Net.
3:07 of 1st period - Evander Kane is hit by Garnet Exelby and loses puck.
3:16 of 1st period - Snap shot by Chris Thorburn.
3:16 of 1st period - Shot Misses the Net.
3:39 of 1st period - Wrist shot by Riley Armstrong.
3:39 of 1st period - Shot Misses the Net.
3:59 of 1st period - Wrist shot by Joe Colborne.
3:59 of 1st period - Stopped by Chet Pickard with a rebound.
4:09 of 1st period - Minor Penalty to Carter Ashton for Roughing.
4:10 of 1st period - James Wright wins face-off versus Brayden Schenn in Knights zone.
4:47 of 1st period - Ben Eager is hit by James Wright and loses puck.
5:39 of 1st period - Eric Gryba is hit by Tomas Kundratek and loses puck.
5:54 of 1st period - Ryan O'Reilly is hit by Garnet Exelby.
5:58 of 1st period - Ben Eager is hit by Joe Colborne and loses puck.
6:09 of 1st period - Penalty to Carter Ashton is over, Carter Ashton is back on ice.
6:21 of 1st period - Snap shot by Joe Colborne.
6:21 of 1st period - Shot Blocked by Cameron Gaunce.
7:34 of 1st period - Tom Gilbert is hit by Jason Chimera.
7:35 of 1st period - Icing by Tom Gilbert.
7:36 of 1st period - James Wright wins face-off versus Rick Schofield in Mustangs zone.
7:39 of 1st period - Backhand shot by James Wright.
7:39 of 1st period - Deflect By Jason Chimera.
7:39 of 1st period - Shot Misses the Net.
7:39 of 1st period - Puck is out of play.
7:40 of 1st period - Zack Hamill wins face-off versus Evander Kane in Mustangs zone.
7:51 of 1st period - Snap shot by Alex Chiasson.
7:51 of 1st period - Stopped by Chet Pickard with a rebound.
7:53 of 1st period - Wrist shot by Alex Chiasson.
7:53 of 1st period - Goal by Alex Chiasson - Knights : 2 - Mustangs : 1.
7:54 of 1st period - Brayden Schenn wins face-off versus Tyler Seguin in neutral zone.
8:08 of 1st period - Snap shot by Brayden Schenn.
8:08 of 1st period - Stopped by Jacob Markstrom with a rebound.
8:10 of 1st period - Snap shot by Eric Gryba.
8:10 of 1st period - Stopped by Jacob Markstrom with a rebound.
8:26 of 1st period - Snap shot by Zack Hamill.
8:26 of 1st period - Shot Misses the Net.
8:52 of 1st period - Snap shot by Jason Chimera.
8:52 of 1st period - Shot Misses the Net.
9:25 of 1st period - Cameron Gaunce is hit by Chris Thorburn and loses puck.
9:49 of 1st period - Derek Joslin is hit by Zbynek Michalek.
9:54 of 1st period - Off-side.
9:55 of 1st period - Zack Hamill wins face-off versus Brayden Schenn in neutral zone.
10:41 of 1st period - Snap shot by Ryan O'Reilly.
10:41 of 1st period - Shot Misses the Net.
10:43 of 1st period - Slapshot by Derek Joslin.
10:43 of 1st period - Stopped by Jacob Markstrom without a rebound.
10:44 of 1st period - Ben Eager wins face-off versus Zack Hamill in Knights zone.
10:50 of 1st period - Icing by Zack Hamill.
10:51 of 1st period - Zack Hamill wins face-off versus Brayden Schenn in Knights zone.
11:00 of 1st period - Wrist shot by Evander Kane.
11:00 of 1st period - Stopped by Jacob Markstrom without a rebound.
11:01 of 1st period - Brayden Schenn wins face-off versus Tyler Seguin in Knights zone.
11:02 of 1st period - Wrist shot by Evander Kane.
11:02 of 1st period - Shot Blocked by Chris Thorburn.
11:04 of 1st period - Minor Penalty to Magnus Paajarvi-Svensson for Cross-checking.
11:05 of 1st period - Brayden Schenn wins face-off versus James Wright in Knights zone.
13:04 of 1st period - Penalty to Magnus Paajarvi-Svensson is over, Magnus Paajarvi-Svensson is back on ice.
13:14 of 1st period - Tyler Seguin is hit by Daniel Winnik and loses puck.
13:19 of 1st period - Slapshot by Daniel Winnik.
13:19 of 1st period - Shot Misses the Net.
13:21 of 1st period - Slapshot by Jared Cowen.
13:21 of 1st period - Shot Blocked by Tomas Kundratek.
13:43 of 1st period - Slapshot by Ronalds Kenins.
13:43 of 1st period - Shot Hit the Post.
14:58 of 1st period - Brayden Schenn is hit by Tomas Kundratek and loses puck.
15:06 of 1st period - Icing by Evander Kane.
15:07 of 1st period - Daniel Winnik wins face-off versus James Wright in Mustangs zone.
15:22 of 1st period - Snap shot by Daniel Winnik.
15:22 of 1st period - Shot Blocked by James Wright.
15:37 of 1st period - Minor Penalty to Ryan O'Reilly for Slashing.
15:38 of 1st period - Brayden Schenn wins face-off versus Zack Hamill in Mustangs zone.
15:42 of 1st period - Snap shot by Evander Kane.
15:42 of 1st period - Shot Misses the Net.
16:48 of 1st period - Wrist shot by Riley Armstrong.
16:48 of 1st period - Deflect By Ben Eager.
16:48 of 1st period - Shot Blocked by Garnet Exelby.
16:48 of 1st period - Puck is out of play.
16:49 of 1st period - Jason Zucker wins face-off versus Riley Armstrong in Knights zone.
16:49 of 1st period - Jason Zucker is hit by Riley Armstrong.
17:01 of 1st period - Ben Eager is hit by Chris Thorburn and loses puck.
17:37 of 1st period - Penalty to Ryan O'Reilly is over, Ryan O'Reilly is back on ice.
17:49 of 1st period - Snap shot by Joe Colborne.
17:49 of 1st period - Shot Blocked by Tom Gilbert.
17:51 of 1st period - Slapshot by Niklas Hjalmarsson.
17:51 of 1st period - Deflect By Joe Colborne.
17:51 of 1st period - Shot Misses the Net.
17:51 of 1st period - Puck is out of play.
17:52 of 1st period - Ryan O'Reilly wins face-off versus Joe Colborne in Mustangs zone.
18:22 of 1st period - Snap shot by Evander Kane.
18:22 of 1st period - Shot Misses the Net.
18:24 of 1st period - Slapshot by Eric Gryba.
18:24 of 1st period - Deflect By Reilly Smith.
18:24 of 1st period - Stopped by Jacob Markstrom with a rebound.
18:26 of 1st period - Slapshot by Jared Cowen.
18:26 of 1st period - Deflect By Garnet Exelby.
18:26 of 1st period - Stopped by Jacob Markstrom with a rebound.
18:28 of 1st period - Slapshot by Eric Gryba.
18:28 of 1st period - Stopped by Jacob Markstrom with a rebound.
18:34 of 1st period - Minor Penalty to Chris Thorburn for Hooking.
18:35 of 1st period - James Wright wins face-off versus Brayden Schenn in Knights zone.
19:10 of 1st period - Slapshot by Tom Gilbert.
19:10 of 1st period - Stopped by Jacob Markstrom with a rebound.
19:59 of 1st period - Jared Cowen is hit by Tomas Kundratek and loses puck.
Goals for this period are 2 for Knights vs 1 for Mustangs.
Shots for this period are 6 for Knights vs 10 for Mustangs.

2nd period


0:01 of 2nd period - Brayden Schenn wins face-off versus Zack Hamill in neutral zone.
0:34 of 2nd period - Penalty to Chris Thorburn is over, Chris Thorburn is back on ice.
1:09 of 2nd period - Snap shot by Joe Colborne.
1:09 of 2nd period - Shot Blocked by Cameron Gaunce.
1:23 of 2nd period - Derek Joslin is hit by Jason Chimera and loses puck.
1:32 of 2nd period - Slapshot by Jason Chimera.
1:32 of 2nd period - Shot Misses the Net.
1:56 of 2nd period - Snap shot by Evander Kane.
1:56 of 2nd period - Stopped by Jacob Markstrom without a rebound.
1:57 of 2nd period - Alex Chiasson wins face-off versus Ryan O'Reilly in Knights zone.
1:59 of 2nd period - Icing by Zack Hamill.
2:00 of 2nd period - Zack Hamill wins face-off versus Ryan O'Reilly in Knights zone.
2:07 of 2nd period - Wrist shot by Zack Hamill.
2:07 of 2nd period - Deflect By Alex Chiasson.
2:07 of 2nd period - Shot Misses the Net.
2:07 of 2nd period - Puck is out of play.
2:08 of 2nd period - Magnus Paajarvi-Svensson wins face-off versus Ryan O'Reilly in Mustangs zone.
2:09 of 2nd period - Slapshot by Chris Thorburn.
2:09 of 2nd period - Shot Misses the Net.
2:11 of 2nd period - Snap shot by Magnus Paajarvi-Svensson.
2:11 of 2nd period - Shot Misses the Net.
2:13 of 2nd period - Slapshot by Eric Gelinas.
2:13 of 2nd period - Deflect By Magnus Paajarvi-Svensson.
2:13 of 2nd period - Shot Misses the Net.
2:13 of 2nd period - Puck is out of play.
2:14 of 2nd period - Ryan O'Reilly wins face-off versus Tyler Seguin in Mustangs zone.
2:49 of 2nd period - Wrist shot by Brayden Schenn.
2:49 of 2nd period - Stopped by Jacob Markstrom with a rebound.
2:51 of 2nd period - Wrist shot by Brayden Schenn.
2:51 of 2nd period - Shot Misses the Net.
3:05 of 2nd period - Snap shot by Denis Shvidki.
3:05 of 2nd period - Stopped by Jacob Markstrom with a rebound.
3:07 of 2nd period - Slapshot by Tom Gilbert.
3:07 of 2nd period - Stopped by Jacob Markstrom without a rebound.
3:08 of 2nd period - Tyler Seguin wins face-off versus Brayden Schenn in Knights zone.
3:08 of 2nd period - Tyler Seguin is hit by Brayden Schenn.
3:43 of 2nd period - Snap shot by Ryan O'Reilly.
3:43 of 2nd period - Shot Misses the Net.
3:55 of 2nd period - Snap shot by Jason Chimera.
3:55 of 2nd period - Stopped by Chet Pickard with a rebound.
3:57 of 2nd period - Slapshot by Zbynek Michalek.
3:57 of 2nd period - Shot Misses the Net.
3:59 of 2nd period - Minor Penalty to Marcus Foligno for Holding.
4:00 of 2nd period - Zack Hamill wins face-off versus Brayden Schenn in Mustangs zone.
4:07 of 2nd period - Minor Penalty to Zack Hamill for High sticking.
4:08 of 2nd period - Tyler Seguin wins face-off versus Brayden Schenn in Knights zone.
4:08 of 2nd period - Tyler Seguin is hit by Eric Gryba.
4:54 of 2nd period - Wrist shot by Reilly Smith.
4:54 of 2nd period - Deflect By Ryan O'Reilly.
4:54 of 2nd period - Stopped by Jacob Markstrom with a rebound.
5:12 of 2nd period - Eric Gryba is hit by Magnus Paajarvi-Svensson.
5:53 of 2nd period - Icing by Tom Gilbert.
5:54 of 2nd period - Joe Colborne wins face-off versus Brayden Schenn in Mustangs zone.
5:55 of 2nd period - Snap shot by Jason Chimera.
5:55 of 2nd period - Stopped by Chet Pickard without a rebound.
5:56 of 2nd period - Brayden Schenn wins face-off versus Tyler Seguin in Mustangs zone.
5:56 of 2nd period - Brayden Schenn is hit by Garnet Exelby.
5:59 of 2nd period - Penalty to Marcus Foligno is over, Marcus Foligno is back on ice.
6:07 of 2nd period - Penalty to Zack Hamill is over, Zack Hamill is back on ice.
6:16 of 2nd period - Wrist shot by Zack Hamill.
6:16 of 2nd period - Shot Misses the Net.
6:18 of 2nd period - Snap shot by Garnet Exelby.
6:18 of 2nd period - Stopped by Chet Pickard with a rebound.
6:20 of 2nd period - Snap shot by Alex Chiasson.
6:20 of 2nd period - Shot Misses the Net.
6:34 of 2nd period - Snap shot by Zack Hamill.
6:34 of 2nd period - Shot Misses the Net.
6:36 of 2nd period - Snap shot by Zack Hamill.
6:36 of 2nd period - Shot Misses the Net.
6:38 of 2nd period - Snap shot by Zack Hamill.
6:38 of 2nd period - Shot Misses the Net.
6:40 of 2nd period - Snap shot by Zack Hamill.
6:40 of 2nd period - Stopped by Chet Pickard with a rebound.
6:42 of 2nd period - Snap shot by Zack Hamill.
6:42 of 2nd period - Goal by Zack Hamill - Knights : 3 - Mustangs : 1.
6:43 of 2nd period - Ryan O'Reilly wins face-off versus James Wright in neutral zone.
6:45 of 2nd period - Derek Joslin is hit by James Wright.
6:56 of 2nd period - Off-side.
6:57 of 2nd period - Ryan O'Reilly wins face-off versus Zack Hamill in neutral zone.
7:12 of 2nd period - Snap shot by Zack Hamill.
7:12 of 2nd period - Stopped by Chet Pickard without a rebound.
7:13 of 2nd period - Tyler Seguin wins face-off versus Brayden Schenn in Mustangs zone.
7:14 of 2nd period - Snap shot by Chris Thorburn.
7:14 of 2nd period - Stopped by Chet Pickard with a rebound.
7:22 of 2nd period - Chris Thorburn is hit by Jared Cowen and loses puck.
7:27 of 2nd period - Snap shot by Evander Kane.
7:27 of 2nd period - Stopped by Jacob Markstrom without a rebound.
7:28 of 2nd period - Ryan O'Reilly wins face-off versus Zack Hamill in Knights zone.
7:29 of 2nd period - Snap shot by Eric Godard.
7:29 of 2nd period - Stopped by Jacob Markstrom with a rebound.
7:31 of 2nd period - Snap shot by Ben Eager.
7:31 of 2nd period - Goal by Ben Eager - Knights : 3 - Mustangs : 2.
7:32 of 2nd period - Tyler Seguin wins face-off versus Brayden Schenn in neutral zone.
7:35 of 2nd period - Wrist shot by Eric Gelinas.
7:35 of 2nd period - Stopped by Chet Pickard with a rebound.
7:39 of 2nd period - Slapshot by Chris Thorburn.
7:39 of 2nd period - Stopped by Chet Pickard without a rebound.
7:40 of 2nd period - Brayden Schenn wins face-off versus Tyler Seguin in Mustangs zone.
7:55 of 2nd period - Slapshot by Brayden Schenn.
7:55 of 2nd period - Shot Misses the Net.
8:09 of 2nd period - Backhand shot by Chris Thorburn.
8:09 of 2nd period - Stopped by Chet Pickard with a rebound.
8:11 of 2nd period - Slapshot by Niklas Hjalmarsson.
8:11 of 2nd period - Deflect By Magnus Paajarvi-Svensson.
8:11 of 2nd period - Stopped by Chet Pickard with a rebound.
8:17 of 2nd period - Wrist shot by Magnus Paajarvi-Svensson.
8:17 of 2nd period - Goal by Magnus Paajarvi-Svensson - Knights : 4 - Mustangs : 2.
8:17 of 2nd period - Maxime Ouellet enters game.
8:18 of 2nd period - Zack Hamill wins face-off versus Ryan O'Reilly in neutral zone.
8:27 of 2nd period - Snap shot by Zack Hamill.
8:27 of 2nd period - Stopped by Maxime Ouellet without a rebound.
8:28 of 2nd period - Ryan O'Reilly wins face-off versus Alex Chiasson in Mustangs zone.
8:37 of 2nd period - Snap shot by Zack Hamill.
8:37 of 2nd period - Shot Blocked by Jared Cowen.
8:41 of 2nd period - Slapshot by Zack Hamill.
8:41 of 2nd period - Stopped by Maxime Ouellet with a rebound.
8:43 of 2nd period - Slapshot by Eric Gelinas.
8:43 of 2nd period - Shot Blocked by Ben Eager.
8:45 of 2nd period - Slapshot by Niklas Hjalmarsson.
8:45 of 2nd period - Stopped by Maxime Ouellet with a rebound.
8:47 of 2nd period - Wrist shot by Jason Zucker.
8:47 of 2nd period - Goal by Jason Zucker - Knights : 5 - Mustangs : 2.
8:48 of 2nd period - Brayden Schenn wins face-off versus Tyler Seguin in neutral zone.
8:48 of 2nd period - Brayden Schenn is hit by Niklas Hjalmarsson.
8:52 of 2nd period - Tyler Seguin is hit by Evander Kane and loses puck.
9:13 of 2nd period - Eric Gryba is hit by Jason Zucker and loses puck.
9:23 of 2nd period - Minor Penalty to Alex Chiasson for Hooking.
9:24 of 2nd period - Brayden Schenn wins face-off versus James Wright in Knights zone.
9:24 of 2nd period - Slapshot by Evander Kane.
9:24 of 2nd period - Stopped by Jacob Markstrom without a rebound.
9:25 of 2nd period - Brayden Schenn wins face-off versus James Wright in Knights zone.
9:50 of 2nd period - Chris Thorburn is hit by Ben Eager and loses puck.
9:59 of 2nd period - Snap shot by Eric Godard.
9:59 of 2nd period - Stopped by Jacob Markstrom without a rebound.
10:00 of 2nd period - Joe Colborne wins face-off versus Brayden Schenn in Knights zone.
10:17 of 2nd period - Reilly Smith is hit by Joe Colborne and loses puck.
10:42 of 2nd period - James Wright is hit by Derek Joslin and loses puck.
11:03 of 2nd period - Niklas Hjalmarsson is hit by Brayden Schenn and loses puck.
11:23 of 2nd period - Penalty to Alex Chiasson is over, Alex Chiasson is back on ice.
11:40 of 2nd period - Cameron Gaunce is hit by Garnet Exelby and loses puck.
12:02 of 2nd period - Slapshot by Riley Armstrong.
12:02 of 2nd period - Goal by Riley Armstrong - Knights : 5 - Mustangs : 3.
12:03 of 2nd period - Magnus Paajarvi-Svensson wins face-off versus Brayden Schenn in neutral zone.
12:11 of 2nd period - Off-side.
12:12 of 2nd period - Tyler Seguin wins face-off versus Brayden Schenn in neutral zone.
12:29 of 2nd period - Snap shot by Magnus Paajarvi-Svensson.
12:29 of 2nd period - Shot Misses the Net.
12:31 of 2nd period - Wrist shot by Chris Thorburn.
12:31 of 2nd period - Stopped by Maxime Ouellet with a rebound.
12:33 of 2nd period - Slapshot by Niklas Hjalmarsson.
12:33 of 2nd period - Stopped by Maxime Ouellet without a rebound.
12:34 of 2nd period - Zack Hamill wins face-off versus Ryan O'Reilly in Mustangs zone.
12:35 of 2nd period - Slapshot by Alex Chiasson.
12:35 of 2nd period - Shot Blocked by Ryan O'Reilly.
12:37 of 2nd period - Slapshot by Tomas Kundratek.
12:37 of 2nd period - Stopped by Maxime Ouellet with a rebound.
12:48 of 2nd period - Minor Penalty to Ben Eager for Holding.
12:49 of 2nd period - Brayden Schenn wins face-off versus Zack Hamill in Mustangs zone.
13:33 of 2nd period - Snap shot by Reilly Smith.
13:33 of 2nd period - Shot Blocked by Garnet Exelby.
14:48 of 2nd period - Penalty to Ben Eager is over, Ben Eager is back on ice.
14:55 of 2nd period - Slapshot by Zbynek Michalek.
14:55 of 2nd period - Deflect By Magnus Paajarvi-Svensson.
14:55 of 2nd period - Stopped by Maxime Ouellet without a rebound.
14:56 of 2nd period - James Wright wins face-off versus Riley Armstrong in Mustangs zone.
15:01 of 2nd period - Magnus Paajarvi-Svensson is hit by Marcus Foligno and loses puck.
15:06 of 2nd period - Snap shot by Denis Shvidki.
15:06 of 2nd period - Shot Misses the Net.
15:12 of 2nd period - Snap shot by Denis Shvidki.
15:12 of 2nd period - Deflect By Riley Armstrong.
15:12 of 2nd period - Shot Misses the Net.
15:12 of 2nd period - Puck is out of play.
15:13 of 2nd period - Ryan O'Reilly wins face-off versus Zack Hamill in Knights zone.
15:20 of 2nd period - Slapshot by Ben Eager.
15:20 of 2nd period - Stopped by Jacob Markstrom without a rebound.
15:21 of 2nd period - Ryan O'Reilly wins face-off versus Zack Hamill in Knights zone.
15:32 of 2nd period - Snap shot by Eric Godard.
15:32 of 2nd period - Shot Misses the Net.
15:34 of 2nd period - Wrist shot by Ryan O'Reilly.
15:34 of 2nd period - Stopped by Jacob Markstrom with a rebound.
15:36 of 2nd period - Wrist shot by Eric Gryba.
15:36 of 2nd period - Stopped by Jacob Markstrom without a rebound.
15:37 of 2nd period - Tyler Seguin wins face-off versus Brayden Schenn in Knights zone.
16:24 of 2nd period - Ryan O'Reilly is hit by Niklas Hjalmarsson and loses puck.
16:29 of 2nd period - Wrist shot by Zack Hamill.
16:29 of 2nd period - Stopped by Maxime Ouellet with a rebound.
16:31 of 2nd period - Snap shot by Zack Hamill.
16:31 of 2nd period - Shot Blocked by Cameron Gaunce.
16:33 of 2nd period - Wrist shot by Niklas Hjalmarsson.
16:33 of 2nd period - Stopped by Maxime Ouellet with a rebound.
16:35 of 2nd period - Slapshot by Niklas Hjalmarsson.
16:35 of 2nd period - Deflect By Zack Hamill.
16:35 of 2nd period - Shot Misses the Net.
16:35 of 2nd period - Puck is out of play.
16:36 of 2nd period - Brayden Schenn wins face-off versus James Wright in Mustangs zone.
16:36 of 2nd period - Brayden Schenn is hit by James Wright.
16:44 of 2nd period - Wrist shot by Reilly Smith.
16:44 of 2nd period - Stopped by Jacob Markstrom with a rebound.
16:46 of 2nd period - Wrist shot by Reilly Smith.
16:46 of 2nd period - Goal by Reilly Smith - Knights : 5 - Mustangs : 4.
16:47 of 2nd period - Brayden Schenn wins face-off versus Tyler Seguin in neutral zone.
17:18 of 2nd period - Snap shot by James Wright.
17:18 of 2nd period - Shot Misses the Net.
17:20 of 2nd period - Wrist shot by Nikita Nikitin.
17:20 of 2nd period - Stopped by Maxime Ouellet with a rebound.
17:22 of 2nd period - Wrist shot by James Wright.
17:22 of 2nd period - Shot Hit the Post.
17:24 of 2nd period - Slapshot by Nikita Nikitin.
17:24 of 2nd period - Stopped by Maxime Ouellet with a rebound.
17:26 of 2nd period - Slapshot by Nikita Nikitin.
17:26 of 2nd period - Deflect By Jason Chimera.
17:26 of 2nd period - Stopped by Maxime Ouellet with a rebound.
17:34 of 2nd period - Minor Penalty to Brayden Schenn for Hooking.
17:35 of 2nd period - Daniel Winnik wins face-off versus Zack Hamill in Mustangs zone.
18:00 of 2nd period - Jason Chimera is hit by Ryan O'Reilly and loses puck.
18:39 of 2nd period - Icing by Jason Zucker.
18:40 of 2nd period - Ryan O'Reilly wins face-off versus Zack Hamill in Knights zone.
19:34 of 2nd period - Penalty to Brayden Schenn is over, Brayden Schenn is back on ice.
19:51 of 2nd period - Slapshot by Denis Shvidki.
19:51 of 2nd period - Shot Misses the Net.
Goals for this period are 3 for Knights vs 3 for Mustangs.
Shots for this period are 25 for Knights vs 16 for Mustangs.

3rd period


0:01 of 3rd period - Brayden Schenn wins face-off versus Tyler Seguin in neutral zone.
0:54 of 3rd period - Minor Penalty to Jason Chimera for Holding.
0:55 of 3rd period - Brayden Schenn wins face-off versus James Wright in Knights zone.
0:55 of 3rd period - Snap shot by Evander Kane.
0:55 of 3rd period - Stopped by Jacob Markstrom with a rebound.
0:57 of 3rd period - Slapshot by Jared Cowen.
0:57 of 3rd period - Shot Misses the Net.
0:59 of 3rd period - Slapshot by Evander Kane.
0:59 of 3rd period - Mustangs goal is going for a video replay.
0:59 of 3rd period - The goal is refused. The puck has been kicked using a distinct kicking motion..
1:00 of 3rd period - Brayden Schenn wins face-off versus James Wright in Knights zone.
1:03 of 3rd period - Snap shot by Brayden Schenn.
1:03 of 3rd period - Shot Misses the Net.
1:05 of 3rd period - Snap shot by Reilly Smith.
1:05 of 3rd period - Shot Blocked by Chris Thorburn.
1:07 of 3rd period - Slapshot by Eric Gryba.
1:07 of 3rd period - Stopped by Jacob Markstrom without a rebound.
1:08 of 3rd period - James Wright wins face-off versus Brayden Schenn in Knights zone.
2:09 of 3rd period - Zack Hamill is hit by Derek Joslin.
2:54 of 3rd period - Penalty to Jason Chimera is over, Jason Chimera is back on ice.
3:14 of 3rd period - Nikita Nikitin is hit by Marcus Foligno and loses puck.
3:25 of 3rd period - Nikita Nikitin is hit by Nate Guenin and loses puck.
4:01 of 3rd period - Slapshot by Zbynek Michalek.
4:01 of 3rd period - Shot Blocked by Tom Gilbert.
4:03 of 3rd period - Snap shot by Alex Chiasson.
4:03 of 3rd period - Stopped by Maxime Ouellet with a rebound.
5:16 of 3rd period - Snap shot by Eric Godard.
5:16 of 3rd period - Shot Misses the Net.
5:31 of 3rd period - Eric Gelinas is hit by Denis Shvidki and loses puck.
5:50 of 3rd period - Snap shot by Rick Schofield.
5:50 of 3rd period - Goal by Rick Schofield - Knights : 5 - Mustangs : 5.
5:51 of 3rd period - Ryan O'Reilly wins face-off versus Magnus Paajarvi-Svensson in neutral zone.
6:18 of 3rd period - Snap shot by Riley Armstrong.
6:18 of 3rd period - Shot Blocked by Alex Chiasson.
6:26 of 3rd period - Wrist shot by Riley Armstrong.
6:26 of 3rd period - Goal by Riley Armstrong - Knights : 5 - Mustangs : 6.
6:27 of 3rd period - Tyler Seguin wins face-off versus Brayden Schenn in neutral zone.
6:35 of 3rd period - Slapshot by Chris Thorburn.
6:35 of 3rd period - Stopped by Maxime Ouellet with a rebound.
6:37 of 3rd period - Snap shot by Chris Thorburn.
6:37 of 3rd period - Deflect By Magnus Paajarvi-Svensson.
6:37 of 3rd period - Stopped by Maxime Ouellet without a rebound.
6:38 of 3rd period - Zack Hamill wins face-off versus Brayden Schenn in Mustangs zone.
6:51 of 3rd period - Wrist shot by Alex Chiasson.
6:51 of 3rd period - Shot Blocked by Eric Gryba.
6:56 of 3rd period - Minor Penalty to Zack Hamill for Hooking.
6:57 of 3rd period - Brayden Schenn wins face-off versus James Wright in Knights zone.
7:05 of 3rd period - Wrist shot by Brayden Schenn.
7:05 of 3rd period - Deflect By Reilly Smith.
7:05 of 3rd period - Stopped by Jacob Markstrom with a rebound.
7:07 of 3rd period - Wrist shot by Brayden Schenn.
7:07 of 3rd period - Goal by Brayden Schenn - Knights : 5 - Mustangs : 7.
7:07 of 3rd period - Mark Dekanich enters game.
7:08 of 3rd period - Brayden Schenn wins face-off versus Tyler Seguin in neutral zone.
7:11 of 3rd period - Magnus Paajarvi-Svensson is hit by Reilly Smith.
7:34 of 3rd period - Jared Cowen is hit by Kevin Hayes and loses puck.
8:13 of 3rd period - Minor Penalty to Jason Zucker for Hooking.
8:14 of 3rd period - Chris Thorburn wins face-off versus Brayden Schenn in Knights zone.
8:21 of 3rd period - Snap shot by James Wright.
8:21 of 3rd period - Stopped by Maxime Ouellet without a rebound.
8:22 of 3rd period - James Wright wins face-off versus Brayden Schenn in Mustangs zone.
8:27 of 3rd period - Snap shot by James Wright.
8:27 of 3rd period - Deflect By Chris Thorburn.
8:27 of 3rd period - Shot Blocked by Reilly Smith.
8:27 of 3rd period - Puck is out of play.
8:28 of 3rd period - Brayden Schenn wins face-off versus James Wright in Mustangs zone.
8:41 of 3rd period - Wrist shot by Evander Kane.
8:41 of 3rd period - Shot Blocked by Eric Gelinas.
8:53 of 3rd period - Minor Penalty to Ben Eager for Roughing.
8:54 of 3rd period - Zack Hamill wins face-off versus Brayden Schenn in Mustangs zone.
9:20 of 3rd period - Evander Kane is hit by Alex Chiasson and loses puck.
9:39 of 3rd period - Jared Cowen is hit by Tyler Seguin and loses puck.
10:13 of 3rd period - Penalty to Jason Zucker is over, Jason Zucker is back on ice.
10:53 of 3rd period - Penalty to Ben Eager is over, Ben Eager is back on ice.
11:08 of 3rd period - Slapshot by Riley Armstrong.
11:08 of 3rd period - Shot Blocked by Niklas Hjalmarsson.
11:22 of 3rd period - Derek Joslin is hit by James Wright and loses puck.
11:43 of 3rd period - Ben Eager is hit by Kevin Hayes and loses puck.
12:09 of 3rd period - Magnus Paajarvi-Svensson is hit by Marcus Foligno and loses puck.
12:47 of 3rd period - Jason Zucker is hit by Brayden Schenn and loses puck.
12:54 of 3rd period - Brayden Schenn is hit by Zack Hamill and loses puck.
13:05 of 3rd period - Eric Godard is hit by Zbynek Michalek and loses puck.
13:18 of 3rd period - Tyler Seguin is hit by Cameron Gaunce and loses puck.
14:00 of 3rd period - Icing by Nate Guenin.
14:01 of 3rd period - Zack Hamill wins face-off versus Brayden Schenn in Mustangs zone.
14:18 of 3rd period - Niklas Hjalmarsson is hit by Reilly Smith and loses puck.
14:25 of 3rd period - Slapshot by Nikita Nikitin.
14:25 of 3rd period - Shot Blocked by Eric Gryba.
15:17 of 3rd period - Snap shot by Alex Chiasson.
15:17 of 3rd period - Stopped by Maxime Ouellet with a rebound.
15:19 of 3rd period - Snap shot by Zack Hamill.
15:19 of 3rd period - Goal by Zack Hamill - Knights : 6 - Mustangs : 7.
15:20 of 3rd period - Riley Armstrong wins face-off versus James Wright in neutral zone.
15:36 of 3rd period - Wrist shot by Riley Armstrong.
15:36 of 3rd period - Stopped by Mark Dekanich with a rebound.
15:48 of 3rd period - Wrist shot by Evander Kane.
15:48 of 3rd period - Stopped by Mark Dekanich without a rebound.
15:49 of 3rd period - Tyler Seguin wins face-off versus Brayden Schenn in Knights zone.
17:16 of 3rd period - Slapshot by Niklas Hjalmarsson.
17:16 of 3rd period - Shot Hit the Post.
17:18 of 3rd period - Slapshot by Eric Gelinas.
17:18 of 3rd period - Shot Misses the Net.
17:47 of 3rd period - Slapshot by Daniel Winnik.
17:47 of 3rd period - Stopped by Mark Dekanich without a rebound.
17:48 of 3rd period - Riley Armstrong wins face-off versus Joe Colborne in Knights zone.
18:46 of 3rd period - Knights, Mark Dekanich is pulled from the net.
18:58 of 3rd period - Eric Godard is hit by Zack Hamill and loses puck.
19:09 of 3rd period - Snap shot by Ryan O'Reilly.
19:09 of 3rd period - Goal by Ryan O'Reilly - Knights : 6 - Mustangs : 8.
19:09 of 3rd period - Mark Dekanich from Knights was sent back in the game.
19:10 of 3rd period - James Wright wins face-off versus Marcus Foligno in neutral zone.
19:19 of 3rd period - Snap shot by James Wright.
19:19 of 3rd period - Stopped by Maxime Ouellet with a rebound.
19:21 of 3rd period - Wrist shot by James Wright.
19:21 of 3rd period - Stopped by Maxime Ouellet with a rebound.
19:23 of 3rd period - Slapshot by Eric Gelinas.
19:23 of 3rd period - Stopped by Maxime Ouellet with a rebound.
19:25 of 3rd period - Wrist shot by James Wright.
19:25 of 3rd period - Stopped by Maxime Ouellet without a rebound.
19:26 of 3rd period - Rick Schofield wins face-off versus Joe Colborne in Mustangs zone.
19:37 of 3rd period - Snap shot by Ronalds Kenins.
19:37 of 3rd period - Deflect By Carter Ashton.
19:37 of 3rd period - Stopped by Maxime Ouellet with a rebound.
19:39 of 3rd period - Slapshot by Niklas Hjalmarsson.
19:39 of 3rd period - Shot Misses the Net.
19:56 of 3rd period - Niklas Hjalmarsson is hit by Eric Gryba and loses puck.
Goals for this period are 1 for Knights vs 4 for Mustangs.
Shots for this period are 11 for Knights vs 11 for Mustangs.